 Dungeon Crawl Stone Soup version 0.26-a0-774-g1415c89e12 (webtiles) character file.

Game seed: 4856104971587012263

3101 Kinoniko the Carver (level 9, -7/79 HPs)
             Began as a Yellow Draconian Monk on Nov 9, 2020.
             Mangled by an ogre
             ... wielding a +0 giant club
              (15 damage)
             ... on level 8 of the Dungeon.
             The game lasted 00:08:48 (8994 turns).

Kinoniko the Carver (Yellow Draconian Monk)         Turns: 8994, Time: 00:08:48

Health: -7/79      AC:  7    Str: 23    XL:     9   Next: 59%
Magic:  9/9        EV: 16    Int: 10    God:
Gold:   457        SH:  5    Dex: 14    Spells: 8/8 levels left

rFire    . . .     SeeInvis .   m - +2 falchion (freeze)
rCold    . . .     Faith    .   n - +0 buckler
rNeg     . . .     Spirit   .   (armour unavailable)
rPois    .         Reflect  .   (helmet restricted)
rElec    .         Harm     .   (no cloak)
rCorr    +         Rampage  .   (no gloves)
MR       .....                  (no boots)
Stlth    ++........             (no amulet)
HPRegen  0.23/turn              i - +6 ring of strength
MPRegen  0.11/turn              (no ring)

@: slowed, very slow
A: spit acid, unfitting armour, cold-blooded, acid resistance, AC +7
a: Breathe Acid


You were on level 8 of the Dungeon.
You visited 1 branch of the dungeon, and saw 8 of its levels.

You collected 457 gold pieces.

Inventory:

Hand Weapons
 j - a +1 dagger of venom
 l - a +3 great sword of freezing
 m - a +2 falchion of freezing (weapon)
 r - a +0 long sword
Armour
 n - a +0 buckler (worn)
Jewellery
 i - a +6 ring of strength (left hand)
 s - a +6 ring of strength
Wands
 q - a wand of digging (5)
 t - a wand of flame (12)
Scrolls
 a - 2 scrolls of enchant armour {unknown}
 b - a scroll of remove curse
 c - a scroll of magic mapping {unknown}
 d - 4 scrolls of enchant weapon {unknown}
 f - 5 scrolls of identify
 g - a scroll of acquirement {unknown}
 h - 3 scrolls of random uselessness {unknown}
 k - 2 scrolls of blinking {unknown}
 o - 5 scrolls of amnesia {unknown}
 u - 2 scrolls of fog {unknown}
 v - a scroll of teleportation
Potions
 e - a potion of flight
 p - a potion of curing


   Skills:
 + Level 7.6 Fighting
 * Level 9.5 Long Blades
 + Level 6.3 Dodging
 - Level 1.7 Stealth
 - Level 4.5 Shields


You had 8 spell levels left.
You didn't know any spells.
Your spell library was empty.

Dungeon Overview and Level Annotations

Branches:
Dungeon (8/15)             Temple (0/1) D:5
   Lair: D:8-11

Altars:
Ashenzari
Dithmenos
Elyvilon
Qazlal
Uskayaw
Yredelemnul

Annotations:
D:5 3 runed translucent doors, Queen's ghost, novice HONe
D:8 Grum


Innate Abilities, Weirdness & Mutations

You can spit globs of acid.
Your golden yellow scales are hard. (AC +7)
You cannot fit into any form of body armour.
You are cold-blooded and may be slowed by cold attacks.
You are resistant to acid. (rCorr)


Message History

The wolf closely misses you. x2; The ogre hits you with a +0 giant club!
* * * LOW HITPOINT WARNING * * *
Grum barely misses you. The wolf misses you.
You hit the ogre. You freeze the ogre.
The ogre is lightly wounded.
The wolf closely misses you.
You riposte.
You hit the wolf. You freeze the wolf.
You kill the wolf!
Your life force feels restored.
You block the wolf's attack.
You hit the ogre. You freeze the ogre. You tail-slap the ogre.
The ogre is heavily wounded.
The wolf misses you.
You riposte.
You miss the wolf.
The wolf is severely wounded.
Grum hits you from afar with a -2 spear of freezing.
* * * LOW HITPOINT WARNING * * *
You feel yourself slow down. Grum freezes you.
* * * LOW HITPOINT WARNING * * *
The ogre hits you with a +0 giant club!
You die...

.....##..#..#..
......#.......[ .. ..
.#...†))#.##.####.###..
#....)##.##.###...[..
###..................
..###..............#
#...#..............#
#...............O..##
##....[##..#....@...#
...(.).#..###..##hg.#
...........#####
Y...... ....##.....#
#...... ###..##...##
.#=... #...####.#
###... ##.## ### ...
### ..


You could see Grum, a sky beast, an ogre and a wolf.

Vanquished Creatures
  A troll (D:7)
  Sigmund (D:5)
  Menkaure (D:5)
  A sky beast (D:7)
  An ice beast (D:5)
  2 wolves (D:8)
  2 centaurs
  8 ogres
  3 bullfrogs
  A scorpion (D:4)
  5 wights (D:7)
  8 crimson imps (D:7)
  A bullfrog zombie (D:5)
  2 orc wizards
  3 hounds
  A bullfrog skeleton (D:8)
  2 centaur skeletons (D:6)
  A gnoll shaman (D:5)
  Ijyb (D:5)
  An iguana (D:6)
  3 worker ants
  A worker ant zombie (D:6)
  11 gnolls
  8 adders
  A shadow imp (D:6)
  2 white imps
  An ufetubus (D:6)
  2 worms (D:2)
  A dart slug (D:1)
  5 leopard geckos
  16 orcs
  7 giant cockroaches
  6 goblins
  5 hobgoblins
  3 jackals (D:6)
  5 kobolds
  6 quokkas
  A ball python (D:2)
  4 bats
  7 frilled lizards
  A jackal skeleton (D:5)
  2 leopard gecko skeletons
  6 rats
150 creatures vanquished.

Notes
Turn   | Place    | Note
-------+----------+-------------------------------------------
     0 | D:1      | Kinoniko the Draconian Monk began the quest for the Orb.
     0 | D:1      | Reached XP level 1. HP: 19/19 MP: 1/1
   307 | D:1      | Reached XP level 2. HP: 26/26 MP: 2/2
  1302 | D:2      | Reached XP level 3. HP: 31/31 MP: 3/3
  1888 | D:2      | Found a white marble altar of Elyvilon.
  2036 | D:2      | Found a faded altar of an unknown god.
  2155 | D:2      | Reached skill level 4 in Long Blades
  2616 | D:3      | Reached XP level 4. HP: 36/40 MP: 4/4
  2694 | D:3      | Found a stormy altar of Qazlal.
  3334 | D:4      | Reached skill level 1 in Shields
  3522 | D:4      | Noticed an ogre
  3543 | D:4      | Killed an ogre
  3543 | D:4      | Reached XP level 5. HP: 46/46 MP: 5/5
  3677 | D:4      | Noticed an ogre
  3694 | D:4      | Killed an ogre
  3694 | D:4      | Reached skill level 5 in Long Blades
  3694 | D:4      | Reached XP level 6. HP: 27/53 MP: 6/6
  4771 | D:4      | Found a basalt altar of Yredelemnul.
  4951 | D:5      | Entered Level 5 of the Dungeon
  4978 | D:5      | Noticed Ijyb
  5003 | D:5      | Killed Ijyb
  5101 | D:5      | Your scales start taking on a golden yellow colour.
  5101 | D:5      | Reached XP level 7. HP: 40/60 MP: 7/7
  5101 | D:5      | Gained mutation: You are resistant to acid. (rCorr) [Yellow
                  | Draconian growth]
  5272 | D:5      | Found a shadowy altar of Dithmenos.
  5278 | D:5      | Found a hide-covered altar of Uskayaw.
  5443 | D:5      | Noticed Sigmund
  5447 | D:5      | Reached skill level 5 in Fighting
  5457 | D:5      | Killed Sigmund
  5457 | D:5      | Reached skill level 6 in Long Blades
  5598 | D:5      | Found a runed translucent gate.
  5599 | D:5      | Found a runed translucent gate.
  5600 | D:5      | Found a runed translucent gate.
  5603 | D:5      | Noticed Queen's ghost (novice HONe)
  5692 | D:5      | Reached XP level 8. HP: 59/68 MP: 8/8
  5803 | D:5      | Found a staircase to the Ecumenical Temple.
  5896 | D:5      | Noticed Menkaure
  5904 | D:5      | Killed Menkaure
  6246 | D:6      | Found a broken altar of Ashenzari.
  6424 | D:6      | Reached skill level 7 in Long Blades
  7218 | D:7      | Reached skill level 5 in Dodging
  7322 | D:7      | Reached skill level 8 in Long Blades
  7751 | D:7      | Reached XP level 9. HP: 68/78 MP: 9/9
  7833 | D:7      | Noticed a troll
  7843 | D:7      | Killed a troll
  8598 | D:7      | Reached skill level 9 in Long Blades
  8981 | D:8      | Noticed Grum
  8994 | D:8      | Mangled by an ogre

Illustrated notes

Levels and vault maps discovered:
D:1:      lightli_arrival_flooded_house, layout_loops_ring,
          minmay_stone_trees_large
D:2:      layout_loops_ring, nicolae_overflow_crystal_walls,
          chequers_ecumenical_altar_lobes, minmay_strange_pillars,
          minmay_misc_feat_doors
D:3:      layout_rooms, nicolae_overflow_hidden_temple, dk_noncrumbling_4
D:4:      layout_basic, marbit_many_paths
D:5:      layout_basic, grunt_temple_overflow_open,
          minmay_temple_entry_glassed_door, gammafunk_ghost_necromancy,
          uniq_ijyb, uniq_menkaure, uniq_sigmund
D:6:      layout_loops_ring, ashenzari_conservatory_becter,
          hangedman_decor_growths
D:7:      layout_loops_ring, chequers_avenue, minmay_nine_imps
D:8:      layout_cave_pools, trog_ov_bears_minmay, cheibriados_altar_1,
          uniq_grum, uniq_erica

Skill      XL: |  1  2  3  4  5  6  7  8  9 |
---------------+----------------------------+-----
Dodging        | 3 4 5 6 |  6.3
Long Blades    | 4 5 6 8 9 |  9.5
Fighting       | 4 5 6 7 |  7.6
Shields        | 1 2 3 4 |  4.5
Stealth        | |  1.7

Action                   |  1- 3 |  4- 6 |  7- 9 || total
-------------------------+-------+-------+-------++-------
Melee: Falchion          |   137 |   167 |    70 ||   374
       Tailslap          |    22 |    26 |    72 ||   120
       Long sword        |       |       |   202 ||   202
       Dagger            |       |       |    16 ||    16
 Abil: Breathe Acid      |       |       |     1 ||     1
  Use: Scroll            |       |     5 |     2 ||     7
       Potion            |       |     2 |     8 ||    10
 Stab: Sleeping          |     7 |     3 |     3 ||    13
       Distracted        |       |       |     1 ||     1
Armor: Skin              |    46 |    33 |    77 ||   156
Dodge: Dodged            |   114 |   101 |   197 ||   412
Block: Buckler           |       |    20 |    79 ||    99
       Rpst.: Falchion   |    47 |    28 |    17 ||    92
       Long sword        |       |       |    46 ||    46

Table legend: (Time is in decaauts)
 A = Elapsed time spent in this place.
 B = Non-inter-level travel time spent in this place.
 C = Inter-level travel time spent in this place.
 D = Time resting spent in this place.
 E = Time spent auto-exploring this place.
 F = Levels seen in this place.
 G = Mean time per level.
                   A        B        C        D        E       F      G
               +--------+--------+--------+--------+--------+-----+--------+
         Total |   9032 |   8804 |    228 |   2443 |   5115 |   8 | 1129.0 |
       Dungeon |   9032 |   8804 |    228 |   2443 |   5115 |   8 | 1129.0 |
               +--------+--------+--------+--------+--------+-----+--------+

Top non-repeatable levels by time:
     D:4: 1925 daAuts
     D:2: 1518 daAuts
     D:7: 1516 daAuts
     D:5: 1289 daAuts
     D:6: 958 daAuts
     D:1: 885 daAuts
     D:3: 656 daAuts
     D:8: 281 daAuts
